AoeStats
← rdy2work

Nomad

510709044Analyzed
2v2 RM · 17h ago on Oct 2, 2026· 28m 34s· 4 players
Game mode
Random Map
Map size
176×176
Population
200
Speed
Normal
Resources
Standard
Victory
Conquest
Starting age
Dark Age
Ending age
Imperial Age
RankedLock teamsTeams togetherTeam positionsShared explorationLock speedFull tech treeHidden civsTurbo modeCheats
Victory
Defeat
🇹🇷 Persians · Türkiye
1018
+16
🇸🇰 Vietnamese · Slovakia
998
+17
🇨🇳 Mongols · China
1024
-17
🇰🇷 Japanese · South Korea
1015
-16
Radovan :)
5:09 Loom
14:22 Feudal Age
23:55 Castle Age
22:14 Double-Bit Axe
remoba66_
4:20 Loom
16:04 Feudal Age
20:31 Castle Age
18:04 Man-at-Arms
19:30 Bloodlines
19:43 Horse Collar
Aaron28358
4:24 Loom
15:19 Feudal Age
16:27 Double-Bit Axe
20:15 Castle Age
21:22 Medium Warships
21:28 Bow Saw
24:36 Pikeman
28:14 Fishing Lines
rdy2work
13:32 Feudal Age
15:52 Double-Bit Axe
26:00 Castle Age
25:29 Forging
25:25 Scale Barding Armor
26:27 Bloodlines
Connection lost

Rejoining the realm…

Still unreachable

The connection could not be restored.

Session expired

The server has moved on; the page needs a fresh start.